 Dungeon Crawl Stone Soup version 0.28-a0-1032-ga8db75c868 (webtiles) character file.

Game seed: 7996794292784779560

855 DrunkBamboolord the Slasher (level 7, -2/55 HPs)
             Began as a Demonspawn Abyssal Knight on Dec 7, 2021.
             Was a Follower of Lugonu.
             Slain by a river rat (5 damage)
             ... summoned by Eustachio
             ... on level 3 of the Dungeon.
             The game lasted 00:13:01 (6272 turns).

DrunkBamboolord the Slasher (DsAK)                  Turns: 6272, Time: 00:13:02

Health: -2/55      AC:  9    Str: 16      XL:     7   Next: 70%
Magic:  10/10      EV:  7    Int: 11      God:    Lugonu [*.....]
Gold:   110        SH:  0    Dex:  8 (13) Spells: 6/6 levels left

rFire   . . .      SeeInvis .   a - +1 falchion
rCold   . . .      Faith    .   (no shield)
rNeg    . . .      Spirit   .   g - +0 chain mail
rPois   .          Reflect  .   (helmet restricted)
rElec   .          Harm     .   (no cloak)
rCorr   .          Rampage  .   (no gloves)
Will    .....                   (no boots)
Stlth   ..........              (no amulet)
HPRegen 0.18/turn               (no ring)
MPRegen 0.12/turn               (no ring)

@: no status effects
A: antennae 1, icemail 2, condensation shield, demonic magic 1
a: Renounce Religion, Depart the Abyss


You were on level 3 of the Dungeon.
You worshipped Lugonu.
Lugonu was aware of your devotion.
You visited 2 branches of the dungeon, and saw 5 of its levels.
You visited the Abyss 1 time.

You collected 110 gold pieces.

Inventory:

Hand Weapons
 a - a +1 falchion (weapon)
Armour
 b - a +0 leather armour
 g - a +0 chain mail (worn)
Scrolls
 c - 2 scrolls of blinking
 d - 2 scrolls of teleportation
Potions
 i - a potion of degeneration
 k - a potion of resistance


   Skills:
 * Level 4.9 Fighting
 * Level 5.5 Long Blades
 * Level 4.1 Armour
 - Level 0.8 Dodging
 + Level 0.9 Shields
 * Level 4.5 Invocations


You had 6 spell levels left.
You didn't know any spells.
Your spell library was empty.

Dungeon Overview and Level Annotations

Branches:
Dungeon (4/15)             Temple (1/1) D:4

Altars:
Makhleb
Qazlal
The Shining One

Annotations:
D:3 Eustachio


Innate Abilities, Weirdness & Mutations

You have a pair of small antennae on your head.
A meltable icy envelope protects you from harm. (AC +0)
A meltable shield of frost defends you. (SH +0)
Spells you cast may paralyse adjacent enemies.


Message History

Eustachio hits you with a +0 rapier.
* * * LOW HITPOINT WARNING * * *
The quokka barely misses you.
The river rat bites you but does no damage.
You feel better. The bat barely misses you.
The quokka bites you but does no damage.
Eustachio hits you but does no damage. The river rat barely misses you.
You slash Eustachio!
Eustachio is almost dead.
The bat closely misses you.
The quokka bites you but does no damage.
Eustachio zaps a wand.
The puff of flame hits you.
* * * LOW HITPOINT WARNING * * *
The river rat bites you.
* * * LOW HITPOINT WARNING * * *
You hit Eustachio.
Eustachio is almost dead.
The bat hits you but does no damage. The quokka barely misses you.
Eustachio hits you but does no damage. The river rat bites you.
* * * LOW HITPOINT WARNING * * *
The quokka bites you but does no damage.
Unknown command.
You hit Eustachio.
Eustachio is almost dead.
Eustachio mumbles some strange words.
The river rat closely misses you. The quokka closely misses you.
You barely miss Eustachio.
Eustachio is almost dead.
The quokka disappears in a puff of smoke!
The bat hits you but does no damage. Eustachio barely misses you.
The river rat closely misses you.
The quokka bites you but does no damage.
You barely miss Eustachio.
Eustachio is almost dead.
The bat hits you but does no damage.
Eustachio screams, "This atrocity can only be purified with blood!"
Eustachio barely misses you.
The quokka bites you but does no damage.
The quokka barely misses you. The river rat bites you.
You die...

........########.#.#.####.#
........##.....#.#......#.#
#######.##.###.#.#...##.#.#
#..#.....#.#...##.#.#
###.####..#.#...##.#.# ####
#.........#.#......#.#
...###.##.###.#.........#.#
...'............b.......#.#
...###.#+#..#..r@r......#.#
...# #......###.@r..###.#.#
...# #......#...<.......#.#
...# #......#.##.##.#####.#
...# #..............# #.#
...# #.#'##..###.########.#
#### #.#.##...............#
#.#.####.##.##########
#.#.# #.##.#


You could see Eustachio, a river rat (summoned), 2 quokkas and a bat (summoned).

Vanquished Creatures
  Pikel (D:3)
  An ogre (D:4)
  A sky beast (D:3)
  A water moccasin skeleton (D:3)
  A centaur skeleton (D:3)
  A hound skeleton (D:4)
  2 adders
  3 worms
  3 orcs (D:2)
  6 endoplasms
  3 giant cockroaches
  6 goblins
  10 hobgoblins
  4 jackals (D:1)
  2 quokkas
  7 ball pythons
  9 bats
  4 frilled lizards
  3 kobolds
  6 rats
74 creatures vanquished.

Vanquished Creatures (collateral kills)
  A jackal (D:1)
1 creature vanquished.

Vanquished Creatures (others)
  A kraken (D:1)
  A ghoul (D:1)
  A gargoyle (D:1)
  2 vine stalkers (D:1)
  An elf (D:1)
  A troll (D:1)
  A merfolk (D:1)
  2 vampires (D:1)
  A human (D:1)
  A dwarf (D:1)
  A felid (D:1)
  A gnoll (D:1)
  8 tentacles (D:1)
22 creatures vanquished.

Grand Total: 97 creatures vanquished

Notes
Turn   | Place    | Note
-------+----------+-------------------------------------------
     0 | Abyss:1  | DrunkBamboolord the Demonspawn Abyssal Knight began the
                  | quest for the Orb.
     0 | Abyss:1  | Reached XP level 1. HP: 18/18 MP: 2/2
    54 | Abyss:1  | Noticed a ynoxinul
    56 | Abyss:1  | Noticed a quasit
    81 | Abyss:1  | Noticed a large abomination
    89 | Abyss:1  | Found a corrupted altar of Lugonu.
    90 | Abyss:1  | Noticed a large abomination
    92 | Abyss:1  | Noticed a thrashing horror
    92 | Abyss:1  | Noticed a silent spectre
    95 | Abyss:1  | Noticed a raiju
    97 | D:1      | Escaped the Abyss
   100 | D:1      | Killed a gargoyle
   103 | D:1      | Killed a merfolk
   103 | D:1      | Killed a vine stalker
   104 | D:1      | Killed a dwarf
   109 | D:1      | Killed a vampire
   109 | D:1      | Killed a vine stalker
   110 | D:1      | Killed a ghoul
   113 | D:1      | Killed a human
   114 | D:1      | Killed a vampire
   115 | D:1      | Killed an elf
   116 | D:1      | Killed a troll
   117 | D:1      | Killed a felid
   119 | D:1      | Killed a kraken
   286 | D:1      | Noticed a minotaur
   286 | D:1      | Noticed an elf
   503 | D:1      | Reached skill level 2 in Long Blades
   503 | D:1      | Gained mutation: You have a pair of small antennae on your
                  | head. [demonic ancestry]
   503 | D:1      | Reached XP level 2. HP: 17/24 MP: 3/3
  1137 | D:1      | Found a faded altar of an unknown god.
  1197 | D:1      | Reached * piety under Lugonu
  1736 | D:1      | Gained mutation: Spells you cast may paralyse adjacent
                  | enemies. [demonic ancestry]
  1736 | D:1      | Reached XP level 3. HP: 26/29 MP: 5/5
  2677 | D:2      | Found a burning altar of Makhleb.
  3141 | D:2      | Reached skill level 3 in Long Blades
  3141 | D:2      | Gained mutation: A meltable shield of frost defends you.
                  | (SH +0) [demonic ancestry]
  3141 | D:2      | Reached XP level 4. HP: 29/37 MP: 6/6
  3371 | D:3      | Noticed a sky beast
  3391 | D:3      | Killed a sky beast
  3392 | D:3      | Gained mutation: A meltable icy envelope protects you from
                  | harm. (AC +0) [demonic ancestry]
  3392 | D:3      | Reached XP level 5. HP: 26/42 MP: 7/7
  3808 | D:3      | Reached skill level 4 in Long Blades
  4143 | D:3      | Reached ** piety under Lugonu
  4332 | D:4      | Gained mutation: A meltable icy envelope protects you from
                  | harm. (AC +0) [demonic ancestry]
  4332 | D:4      | Reached XP level 6. HP: 42/48 MP: 8/8
  4334 | D:4      | Noticed Pikel
  4334 | D:4      | Noticed Eustachio
  4616 | D:3      | Killed Pikel
  4617 | D:3      | Reached skill level 5 in Long Blades
  4617 | D:3      | Reached XP level 7. HP: 8/55 MP: 8/10
  5039 | D:4      | Found a staircase to the Ecumenical Temple.
  5289 | Temple   | Entered the Ecumenical Temple
  6272 | D:3      | Slain by a river rat

Illustrated notes

Levels and vault maps discovered:
D:1:      nicolae_arrival_kraken_aquarium_b, layout_basic,
          nicolae_ecumenical_lake_church, serial_corexii_hall,
          corexii_hall_statues_l, corexii_hall_statues_s,
          corexii_hall_statues_i, corexii_hall_statues_s
D:2:      layout_rooms, basic_altar
D:3:      layout_basic
D:4:      layout_rooms, temple_doors_e, chequers_ossuary_entry_cave,
          minmay_goblin_kobold_house, uniq_pikel, uniq_eustachio
Temple:   eino_temple_scatter_basement

Skill      XL: |  1  2  3  4  5  6  7 |
---------------+----------------------+-----
Long Blades    | 2 3 4 5 |  5.5
Armour         | 2 3 4 |  4.1
Invocations    | 3 4 |  4.5
Fighting       | 4 |  4.9
Dodging        | |  0.8
Shields        | |  0.9

Action                   |  1- 3 |  4- 6 |  7- 9 || total
-------------------------+-------+-------+-------++-------
Melee: Falchion          |   147 |    96 |   121 ||   364
Invok: Depart the Abyss  |     1 |       |       ||     1
  Use: Scroll            |     5 |     4 |     1 ||    10
       Potion            |       |     6 |     2 ||     8
Armor: Leather armour    |    55 |     7 |       ||    62
       Chain mail        |       |    30 |   209 ||   239
Dodge: Dodged            |   131 |    39 |   144 ||   314
Block: Other             |       |    17 |    11 ||    28

Table legend: (Time is in decaauts)
 A = Elapsed time spent in this place.
 B = Non-inter-level travel time spent in this place.
 C = Inter-level travel time spent in this place.
 D = Time resting spent in this place.
 E = Time spent auto-exploring this place.
 F = Levels seen in this place.
 G = Mean time per level.
                   A        B        C        D        E       F      G
               +--------+--------+--------+--------+--------+-----+--------+
         Total |   6313 |   6242 |     71 |   2327 |   2606 |   6 | 1052.2 |
       Dungeon |   5721 |   5650 |     71 |   1850 |   2553 |   4 | 1430.2 |
        Temple |    494 |    494 |      0 |    477 |      0 |   1 |  494.0 |
         Abyss |     97 |     97 |      0 |      0 |     53 |   1 |   97.0 |
               +--------+--------+--------+--------+--------+-----+--------+

Top non-repeatable levels by time:
     D:1: 2272 daAuts
     D:3: 2081 daAuts
     D:2: 861 daAuts
     D:4: 507 daAuts
  Temple: 494 daAuts
 Abyss:1: 97 daAuts
